 Dungeon Crawl Stone Soup version 0.30-a0-860-g512cf1e979 (webtiles) character file.

Game seed: 13497601160874766917

406 jasper the Stinger (level 6, -2/41 HPs)
             Began as a Demonspawn Venom Mage on Mar 7, 2023.
             Killed from afar by a white imp (16 damage)
             ... with a puff of frost
             ... on level 5 of the Dungeon.
             The game lasted 00:09:55 (4521 turns).

jasper the Stinger (Demonspawn Venom Mage)          Turns: 4521, Time: 00:09:55

Health: -2/41      AC:  3    Str:  8    XL:     6   Next: 56%
Magic:  6/12       EV: 12    Int: 19    God:
Gold:   148        SH:  0    Dex: 13    Spells: 0/13 levels left

rFire   . . .      SeeInvis .    (no weapon)
rCold   x . .      Faith    .    (no shield)
rNeg    . . .      Spirit   .    a - +0 robe
rPois   .          Reflect  .    (helmet restricted)
rElec   .          Rampage  .    n - +0 cloak
rCorr   .                        (no gloves)
Will    +....                    (no boots)
Stlth   ++                       (no amulet)
HPRegen 0.26/turn                m - ring of willpower
MPRegen 0.13/turn                (no ring)

@: no status effects
A: horns 1, weakness stinger 1, demonic touch 2, cold vulnerability 1,
MP-powered wands
a: no special abilities


You were on level 5 of the Dungeon.
You visited 1 branch of the dungeon, and saw 5 of its levels.

You collected 191 gold pieces.
You spent 43 gold pieces at shops.

Inventory:

Hand Weapons
 d - a +0 short sword
 i - the +8 hand axe "Killer Bee's Bane" {freeze, *Rage rC- Will++ rCorr}
   (You found it on level 2 of the Dungeon)

   rC:        It makes you vulnerable to cold.
   *Rage:     It berserks you when you make melee attacks (+20% chance).
   rCorr:     It protects you from acid and corrosion.
   Will:      It greatly increases your willpower.
Armour
 a - a +0 robe (worn)
 n - a +0 cloak (worn)
Jewellery
 m - a ring of willpower (left hand)
Scrolls
 c - a scroll of amnesia
Potions
 b - a potion of flight
 e - a potion of degeneration
 f - 3 potions of attraction
 h - a potion of mutation


   Skills:
 - Level 1.7 Dodging
 - Level 1.7 Stealth
 - Level 4.1 Spellcasting
 - Level 2.2 Conjurations
 - Level 0.8 Transmutations
 - Level 2.0 Air Magic
 + Level 5.1 Poison Magic


You couldn't memorise any spells.
You knew the following spells:

 Your Spells              Type           Power      Damage    Failure   Level
a - Sting                 Tmut/Pois      60%        1d6       4%          1
b - Poisonous Vapours     Pois/Air       34%        N/A       4%          2
c - Mephitic Cloud        Conj/Pois/Air  15%        N/A       12%         3
d - Vampiric Draining     Necr           3%         2d6       38%         3
e - Olgreb's Toxic Radia  Pois           23%        N/A       17%         4

Your spell library contained the following spells:

 Spells                   Type           Power      Damage    Failure   Level
 Cigotuvi's Dreadful Rot  Necr/Pois/Air  24%        N/A       8%          2
 Slow                     Hex            12%        N/A       14%         1
 Summon Small Mammal      Summ           12%        N/A       14%         1
 Lesser Beckoning         Tloc           6%         N/A       21%         2
 Call Canine Familiar     Summ           3%         N/A       38%         3
 Confusing Touch          Hex            3%         N/A       38%         3
 Gell's Gravitas          Tloc           3%         N/A       38%         3
 Summon Guardian Golem    Hex/Summ       3%         N/A       38%         3
 Teleport Other           Tloc           3%         N/A       38%         3
 Dispel Undead            Necr           3%         3d7       80%         4
 Death Channel            Necr           1%         N/A       100%        6


Dungeon Overview and Level Annotations

Branches:
Dungeon (5/15)
 Temple: D:4-7

Altars:
Cheibriados
Kikubaaqudgha
Ru
Wu Jian

Shops:
D:2 *

Annotations:
D:3 Robin
D:4 exclusion: phantom


Innate Abilities, Weirdness & Mutations

You have a pair of small horns on your head.
You have a small tail.
Your touch may inflict irresistible damage on your foes.
You are vulnerable to cold. (rC-)
You expend magic power (3 MP) to strengthen your wands.


Message History

You take 13 damage, and have 28/41 hp.
MASSIVE DAMAGE!!
You now have 11/12 mp.
Aiming: Sting (safe; 4% risk of failure)
Press: ? - help, Q - select action, (/) - cycle Shift-Dir - straight line, f/p - white imp
Aim: a white imp (74% to hit)
The sting hits the white imp but does no damage.
The white imp is poisoned.
You now have 10/12 mp.
Aiming: Sting (safe; 4% risk of failure)
Press: ? - help, Q - select action, (/) - cycle Shift-Dir - straight line, f/p - white imp
Aim: a white imp (lightly wounded, poisoned, 74% to hit)
The sting hits the white imp.
The white imp partially resists.
The white imp looks even sicker.
The white imp is lightly wounded.
The white imp hits you. The white imp freezes you!
You feel a terrible chill!
You take 8 damage, and have 20/41 hp.
You now have 9/12 mp.
Aiming: Sting (safe; 4% risk of failure)
Press: ? - help, Q - select action, (/) - cycle Shift-Dir - straight line, f/p - white imp
Aim: a white imp (moderately wounded, very poisoned, 74% to hit)
The sting hits the white imp.
The white imp partially resists.
The white imp is heavily wounded.
The white imp gestures at you. The puff of frost hits you!
You feel a terrible chill!
You take 6 damage, and have 14/41 hp.
You now have 8/12 mp.
Aiming: Sting (safe; 4% risk of failure)
Press: ? - help, Q - select action, (/) - cycle Shift-Dir - straight line, f/p - white imp
Aim: a white imp (heavily wounded, very poisoned, 74% to hit)
The sting hits the white imp.
The white imp partially resists.
The white imp is severely wounded.
The white imp gestures at you. The puff of frost misses you.
You now have 7/12 mp.
Aiming: Sting (safe; 4% risk of failure)
Press: ? - help, Q - select action, (/) - cycle Shift-Dir - straight line, f/p - white imp
Aim: a white imp (severely wounded, very poisoned, 74% to hit)
The sting hits the white imp.
The white imp partially resists.
The white imp looks even sicker.
The white imp is severely wounded.
The white imp gestures at you. The puff of frost hits you!
You feel a terrible chill!
You die...

# ############ ######
#..........# ###.....
#..........#####...####
#..........##.รท..### #
##........))...##### #
......................
. #..........########..
. #....5@....# #
#........<.#
............#
............#
.....#..##### ..#..##[#
. ## ... #...


You could see a white imp (very poisoned).

Vanquished Creatures
  2 scorpions
  2 orc priests (D:4)
  A jelly (D:5)
  Jessica (D:2)
  A gnoll (D:3)
  3 adders
  A shadow imp (D:5)
  An ufetubus (D:4)
  3 worms
  6 orcs
  6 bats
  7 endoplasms
  A giant cockroach (D:4)
  4 goblins
  9 hobgoblins
  13 jackals
  7 kobolds
  4 quokkas
  4 ball pythons
  2 frilled lizards (D:1)
  4 rats
82 creatures vanquished.

Vanquished Creatures (others)
  An orc wizard (D:4)
1 creature vanquished.

Grand Total: 83 creatures vanquished

Notes
Turn   | Place    | Note
-------+----------+-------------------------------------------
     0 | D:1      | jasper the Demonspawn Venom Mage began the quest for the
                  | Orb.
     0 | D:1      | Reached XP level 1. HP: 13/13 MP: 3/3
   340 | D:1      | Discovered your monstrous ancestry.
   340 | D:1      | Gained mutation: Your touch may inflict minor irresistible
                  | damage on your foes. [demonic ancestry]
   340 | D:1      | Reached XP level 2. HP: 19/19 MP: 0/5
   343 | D:1      | Learned a level 2 spell: Poisonous Vapours
   632 | D:1      | Gained mutation: You have a pair of small horns on your
                  | head. [demonic ancestry]
   632 | D:1      | Reached XP level 3. HP: 22/24 MP: 0/7
   636 | D:1      | Learned a level 3 spell: Mephitic Cloud
  1390 | D:2      | Noticed Jessica
  1402 | D:2      | Killed Jessica
  1403 | D:2      | Reached skill level 4 in Poison Magic
  1403 | D:2      | Gained mutation: Your touch may inflict irresistible damage
                  | on your foes. [demonic ancestry]
  1403 | D:2      | Reached XP level 4. HP: 29/30 MP: 2/8
  1407 | D:2      | Learned a level 3 spell: Vampiric Draining
  1589 | D:2      | Identified the +8 hand axe "Killer Bee's Bane" {freeze,
                  | *Rage rC- Will++ rCorr}
  1684 | D:2      | Found Pidgho's Assorted Antiques.
  1693 | D:2      | Bought a scroll labelled BANEAR WEXISCH for 23 gold pieces
  1693 | D:2      | Bought a puce potion for 20 gold pieces
  2295 | D:2      | Found an ornate altar of the Wu Jian Council.
  2831 | D:3      | Noticed a scorpion
  2838 | D:2      | Killed a scorpion
  2839 | D:2      | Reached skill level 5 in Poison Magic
  2839 | D:2      | Reached XP level 5. HP: 35/35 MP: 3/10
  2946 | D:3      | Noticed Robin
  3311 | D:4      | Found a sacrificial altar of Ru.
  3324 | D:4      | Reached skill level 1 in Conjurations
  3324 | D:4      | Reached skill level 1 in Air Magic
  3434 | D:4      | Noticed a phantom
  3807 | D:4      | Found a snail-covered altar of Cheibriados.
  3858 | D:4      | Found an ancient bone altar of Kikubaaqudgha.
  3936 | D:4      | Gained mutation: You have a small tail. [demonic ancestry]
  3936 | D:4      | Reached XP level 6. HP: 17/41 MP: 11/11
  4074 | D:5      | Entered Level 5 of the Dungeon
  4181 | D:4      | Gained mutation: You are vulnerable to cold. (rC-) [potion
                  | of mutation]
  4181 | D:4      | Gained mutation: You expend magic power (3 MP) to
                  | strengthen your wands. [potion of mutation]
  4363 | D:5      | Learned a level 4 spell: Olgreb's Toxic Radiance
  4521 | D:5      | Killed from afar by a white imp

Illustrated notes

Levels and vault maps discovered:
D:1:      psy_arrival_radial01, layout_rooms, minmay_hexomino_u4
D:2:      layout_loops_corners, serial_shops, shop, basic_altar, uniq_jessica
D:3:      layout_loops_ring, general_overflow_altar, fedhas_ov_isle_minmay,
          uniq_robin
D:4:      layout_basic, mainiacjoe_overflow_cross_hatched, lemuel_round_altar,
          cheibriados_altar_1
D:5:      cheibrodos_thug_alley, layout_rooms, nicolae_qazlal_general_emergency,
          uniq_ijyb

Skill      XL: |  1  2  3  4  5  6 |
---------------+-------------------+-----
Spellcasting   | 3 4 |  4.1
Poison Magic   | 4 5 |  5.1
Conjurations   | 2 |  2.2
Air Magic      | 1 2 |  2.0
Dodging        | |  1.7
Stealth        | |  1.7
Transmutations | |  0.8

Action                     |  1- 3 |  4- 6 || total
---------------------------+-------+-------++-------
  Melee: Unarmed           |    30 |    37 ||    67
         Touch             |     5 |     9 ||    14
         Short sword       |     2 |       ||     2
         Headbutt          |     5 |     7 ||    12
         Tailslap          |       |     1 ||     1
  Throw: Stone             |     1 |       ||     1
   Cast: Sting             |    41 |    81 ||   122
         Poisonous Vapours |    12 |    44 ||    56
    Use: Potion            |     1 |     6 ||     7
         Scroll            |       |    12 ||    12
 Armour: Robe              |    12 |    20 ||    32
  Dodge: Dodged            |    35 |    64 ||    99

Table legend: (Time is in decaauts)
 A = Elapsed time spent in this place.
 B = Non-inter-level travel time spent in this place.
 C = Inter-level travel time spent in this place.
 D = Time resting spent in this place.
 E = Time spent auto-exploring this place.
 F = Levels seen in this place.
 G = Mean time per level.
                   A        B        C        D        E       F      G
               +--------+--------+--------+--------+--------+-----+--------+
         Total |   4522 |   4285 |    237 |    791 |   2735 |   5 |  904.4 |
       Dungeon |   4522 |   4285 |    237 |    791 |   2735 |   5 |  904.4 |
               +--------+--------+--------+--------+--------+-----+--------+

Top non-repeatable levels by time:
     D:2: 1686 daAuts
     D:1: 1279 daAuts
     D:4: 989 daAuts
     D:5: 289 daAuts
     D:3: 277 daAuts
